 Dungeon Crawl Stone Soup version 0.32-a0-814-g0968bab981 (webtiles) character file.

Game seed: 934814434818553136

105 CBP the Slasher (level 4, -3/33 HPs)
             Began as a Coglin Gladiator on Mar 22, 2024.
             Was a Believer of Cheibriados.
             Slain by an orc
             ... wielding a +0 trident
              (5 damage)
             ... on level 3 of the Dungeon.
             The game lasted 00:05:02 (2317 turns).

CBP the Slasher (Coglin Gladiator)                  Turns: 2317, Time: 00:05:04

Health: -3/33      AC:  7    Str: 21    XL:     4   Next: 81%
Magic:  4/4        EV: 12    Int: 11    God:    Cheibriados [**....]
Gold:   126        SH:  0    Dex: 19    Spells: 3/3 levels left

rFire   . . .        a - +0 long sword {Svenja}
rCold   . . .        m - +2 short sword (holy) {Thatsani}
rNeg    . . .        b - +0 leather armour
rPois   .            o - +2 helmet
rElec   .            (no cloak)
rCorr   .            j - +0 pair of gloves
SInv    .            (no boots)
Will    .....        (amulet unavailable)
Stlth   +            (ring unavailable)
HPRegen 0.25/turn    (ring unavailable)
MPRegen 0.09/turn    (no gizmo)

%: no passive effects
@: studying Earth Magic, revved, very slow
A: off-hand wielding, slow wielding, warmup strikes, no jewellery
a: Invent Gizmo, Renounce Religion, Bend Time


You were on level 3 of the Dungeon.
You worshipped Cheibriados.
Cheibriados was pleased with you.
You visited 1 branch of the dungeon, and saw 3 of its levels.

You collected 126 gold pieces.

Inventory:

Hand Weapons
 a - a +0 long sword (weapon) {Svenja}
 f - a +1 heavy hand axe
 m - a +2 short sword of holy wrath (offhand) {Thatsani}
Missiles
 d - 3 throwing nets
 e - a javelin
 k - 15 stones (quivered)
 p - 8 poisoned darts
Armour
 b - a +0 leather armour (worn)
 c - a +0 helmet
 j - a +0 pair of gloves (worn)
 o - a +2 helmet (worn)
Wands
 g - a wand of flame (16)
Scrolls
 i - a scroll of silence {unknown}
Potions
 h - a potion of magic
 l - a potion of enlightenment {unknown}


   Skills:
 + Level 2.3 Fighting
 + Level 1.5(3.0) Short Blades
 + Level 4.3(4.5) Long Blades
 + Level 1.9 Throwing
 + Level 0.4 Armour
 + Level 3.0 Dodging


You had 3 spell levels left.
You didn't know any spells.
Your spell library was empty.

Dungeon Overview and Level Annotations

Branches:
Dungeon (3/15)

Altars:
Cheibriados


Innate Abilities, Weirdness & Mutations

You can wield a second weapon in your off-hand.
It takes a long time for you to wield or remove held weapons.
Your first few attacks do less damage.
You cannot equip rings or amulets.


Message History

You hit the orc with your +0 long sword.
The orc is almost dead.
You closely miss the orc with your +2 short sword of holy wrath.
The orc closely misses you.
The orc priest calls upon Beogh to heal the orc.
The orc is healed somewhat.
You hit the orc with your +2 short sword of holy wrath.
The orc is heavily wounded.
You hit the orc with your +0 long sword.
You kill the orc!
Cheibriados appreciates the change of pace.
You completely miss the orc with your +0 long sword.
You hit the orc with your +2 short sword of holy wrath.
The orc hits you but does no damage.
The orc hits you from afar with a +0 trident.
You closely miss the orc with your +2 short sword of holy wrath.
The orc is moderately wounded.
You hit the orc with your +0 long sword.
The orc hits you with a +0 mace. The orc hits you but does no damage.
The orc priest calls down the wrath of Beogh upon you.
Beogh smites you!
You closely miss the orc priest with your +0 long sword.
You hit the orc priest with your +2 short sword of holy wrath.
The orc hits you with a +0 mace.
* * * LOW HITPOINT WARNING * * *
The orc hits you but does no damage. The orc priest closely misses you.
The orc attacks as it pursues you!
The orc hits you from afar with a +0 trident.
* * * LOW HITPOINT WARNING * * *
The orc hits you from afar with a +0 trident.
* * * LOW HITPOINT WARNING * * *
The orc barely misses you.
You barely miss the orc with your +0 long sword.
The orc is almost dead.
You hit the orc with your +2 short sword of holy wrath.
You kill the orc!
Cheibriados appreciates the change of pace.
The orc hits you from afar with a +0 trident.
You die...
Cheibriados appreciates the motionlessness of death.

#...#####.##........##
.....##))............#
#...###.###..##..###.#
........# #..###.# #.#
##.####.###..# #.# #.#
#.# #.....<###.###.#
#+# ######.........#
##.##.###.# .##@# #.#
#)# #.# #ooo##.#
......#.# ...#....#.#
##..#..≈.#.# ## ...≈..
#..≈.## #..≈.#


You could see an orc priest and 2 orcs.

Vanquished Creatures
  An orc wizard (D:3)
  An adder (D:2)
  2 dart slugs (D:2)
  6 orcs (D:3)
  5 ball pythons
  5 endoplasms
  2 giant cockroaches (D:1)
  5 goblins
  5 hobgoblins
  4 jackals (D:1)
  5 quokkas
  4 bats
  4 frilled lizards
  6 kobolds
  2 rats (D:3)
57 creatures vanquished.

Notes
Turn   | Place    | Note
-------+----------+-------------------------------------------
     0 | D:1      | CBP the Coglin Gladiator began the quest for the Orb.
     0 | D:1      | Reached XP level 1. HP: 16/16 MP: 1/1
    71 | D:1      | Reached XP level 2. HP: 18/22 MP: 2/2
   380 | D:1      | Reached XP level 3. HP: 21/27 MP: 3/3
  1169 | D:2      | Found a faded altar of an unknown god.
  1178 | D:2      | Prayed at the altar of an unknown god.
  1178 | D:2      | Became a worshipper of Cheibriados the Contemplative
  1178 | D:2      | Reached * piety under Cheibriados
  1259 | D:2      | Reached skill level 4 in Long Blades
  1530 | D:2      | Reached XP level 4. HP: 33/33 MP: 4/4
  1614 | D:2      | Identified the amulet of Prescription {Faith rF+}
  2270 | D:3      | Reached ** piety under Cheibriados
  2271 | D:3      | Reached skill level 1 in Short Blades
  2317 | D:3      | Slain by an orc

Illustrated notes

Levels and vault maps discovered:
D:1:      dpeg_arrival_rhombus, layout_loops_ring, kennysheep_nondescript,
          patterned_corridor
D:2:      layout_basic, ebering_ecumenical_altar_webs
D:3:      layout_loops_corners, mainiacjoe_overflow_boulevard,
          nemelex_dance_club_becter, nicolae_overflow_hidden_temple,
          bloody_makhleb, uniq_jessica

Skill      XL: |  1  2  3  4 |
---------------+-------------+-----
Long Blades    | 4 |  4.3
Dodging        | 3 |  3.0
Short Blades   | 1 |  1.5
Fighting       | |  2.3
Throwing       | |  1.9
Armour         | |  0.4

Action                     |  1- 3 |  4- 6 || total
---------------------------+-------+-------++-------
  Melee: Long sword        |    68 |    33 ||   101
         Dagger            |    55 |       ||    55
         Short sword       |     8 |    31 ||    39
  Throw: Stone             |     4 |       ||     4
    Use: Scroll            |       |     3 ||     3
         Potion            |       |     1 ||     1
   Stab: Sleeping          |     1 |       ||     1
 Armour: Leather armour    |    30 |    20 ||    50
  Dodge: Dodged            |    43 |    21 ||    64

Table legend: (Time is in decaauts)
 A = Elapsed time spent in this place.
 B = Non-inter-level travel time spent in this place.
 C = Inter-level travel time spent in this place.
 D = Time resting spent in this place.
 E = Time spent auto-exploring this place.
 F = Levels seen in this place.
 G = Mean time per level.
                   A        B        C        D        E       F      G
               +--------+--------+--------+--------+--------+-----+--------+
         Total |   2683 |   2190 |    493 |    130 |   1709 |   3 |  894.3 |
       Dungeon |   2683 |   2190 |    493 |    130 |   1709 |   3 |  894.3 |
               +--------+--------+--------+--------+--------+-----+--------+

Top non-repeatable levels by time:
     D:1: 1153 daAuts
     D:2: 903 daAuts
     D:3: 626 daAuts
